 Dungeon Crawl Stone Soup version 0.30.1-11-g7821555f0a (webtiles) character file.

Game seed: 1953575196309462533

1957208 jfcaron the Hoplite (level 27, 226/226 HPs)
             Began as a Gnoll Berserker on Nov 23, 2023.
             Was the Champion of Trog.
             Escaped with the Orb
             ... and 4 runes on Nov 24, 2023!
             The game lasted 04:41:35 (94932 turns).

jfcaron the Hoplite (Gnoll Berserker)              Turns: 94932, Time: 04:41:35

Health: 226/226    AC: 39    Str: 35    XL:     27
Magic:  46/46      EV: 19    Int: 12    God:    Trog [******]
Gold:   3123       SH:  0    Dex: 11    Spells: 65/65 levels left

rFire   + + +        b - +8 mithril axe "Arga" {speed, Will+}
rCold   + + .        U - +8 tower shield {rC+}
rNeg    . . .        e - +7 gold dragon scales
rPois   +            j - +0 helmet of Ducraol {Str+2 SInv}
rElec   +            m - scarf "Joteitunwea" {shadows, Drain rF++ Int+5}
rCorr   .            B - +2 pair of gloves {infuse}
SInv    +            u - +0 pair of boots of Untruth {rElec}
Will    +++..        O - amulet of reflection Stlth
                     c - +5 ring of evasion
HPRegen 0.57/turn    i - +6 ring of strength
MPRegen 0.30/turn

%: reflection, infuse magic (1 MP)
@: confused, ambrosia-drunk
A: fangs 1, strong nose, distributed training, hooves 1, iridescent scales 1,
clumsy 2
0: Orb of Zot
}: 4/15 runes: decaying, serpentine, slimy, silver
a: Renounce Religion, Berserk, Trog's Hand, Brothers in Arms


You escaped.
You worshipped Trog.
Trog was exalted by your worship.
You visited 11 branches of the dungeon, and saw 55 of its levels.
You visited the Abyss 1 time.
You also visited: Bailey, Gauntlet, Ice Cave and Volcano.

You collected 8709 gold pieces.
You spent 5586 gold pieces at shops.

Inventory:

Hand Weapons
 a - a +9 antimagic broad axe
   (Trog gifted it to you on level 12 of the Dungeon)
 b - the +8 mithril axe "Arga" (weapon) {speed, Will+}
   (You took it off a deep elf high priest on level 5 of the Vaults)

   Will:      It increases your willpower.
Missiles
 f - 6 silver boomerangs
 q - 5 curare-tipped darts {!f}
 r - 12 boomerangs of dispersal {!f}
 t - 2 throwing nets {!f}
 v - 3 javelins
 z - 13 atropa-tipped darts {!f}
 J - 5 silver javelins {!f}
 N - 7 poisoned darts
 X - 2 boomerangs (quivered)
Armour
 e - +7 gold dragon scales (worn)
 j - the +0 helmet of Ducraol (worn) {Str+2 SInv}
   (You bought it in a shop on level 1 of the Depths)

   Str:       It affects your strength (+2).
   SInv:      It lets you see invisible.
 m - the scarf "Joteitunwea" (worn) {shadows, Drain rF++ Int+5}
   (You found it in a Gauntlet)

   Int:       It affects your intelligence (+5).
   rF:        It greatly protects you from fire.
   Drain:     It drains your maximum health when unequipped.
 u - the +0 pair of boots of Untruth (worn) {rElec}
   (You found it on level 5 of the Vaults)

   rElec:     It insulates you from electricity.
 B - a +2 pair of gloves of infusion (worn)
   (You found it on level 3 of the Elven Halls)
 U - a +8 tower shield of cold resistance (worn)
   (You found it in an ice cave)
Jewellery
 c - a +5 ring of evasion (left hand)
   (You found it on level 1 of the Dungeon)
 i - a +6 ring of strength (right hand)
   (You found it on level 3 of the Vaults)
 O - an amulet of reflection (around neck)
   (You found it on level 3 of the Elven Halls)
Wands
 h - a wand of iceblast (38)
   (You found it on level 10 of the Dungeon)
 E - a wand of quicksilver (27)
   (You found it on level 2 of the Swamp)
 F - a wand of charming (33)
   (You found it on level 5 of the Dungeon)
 Z - a wand of digging (23)
   (You found it on level 13 of the Dungeon)
Scrolls
 d - 3 scrolls of fog
 y - 11 scrolls of vulnerability
 G - 14 scrolls of blinking
 H - 11 scrolls of poison
 L - 29 scrolls of teleportation
 M - 6 scrolls of fear
 V - 2 scrolls of silence
 W - 4 scrolls of immolation
Potions
 k - 12 potions of lignification
 n - 4 potions of ambrosia
 p - 5 potions of haste
 s - 3 potions of cancellation
 w - 27 potions of curing
 x - a potion of resistance
 D - 5 potions of invisibility
 K - 6 potions of might
 P - 20 potions of heal wounds
 R - 15 potions of attraction
 T - 12 potions of flight
 Y - 4 potions of berserk rage
Miscellaneous
 g - a lightning rod (4/4)
   (You found it on level 5 of the Lair of Beasts)
 l - a phial of floods
   (You found it on level 1 of the Snake Pit)
 o - a phantom mirror
   (You found it on level 4 of the Vaults)
 I - a condenser vane
   (You found it in a bailey)
 Q - a box of beasts
   (You found it on level 4 of the Vaults)


   Skills:
 + Level 20.5 Fighting
 + Level 19.6 Short Blades
 + Level 19.6 Long Blades
 + Level 20.5 Axes
 + Level 19.6 Maces & Flails
 + Level 19.6 Polearms
 + Level 19.6 Staves
 + Level 19.6 Ranged Weapons
 + Level 19.6 Throwing
 + Level 20.1 Armour
 + Level 20.1 Dodging
 + Level 19.6 Stealth
 + Level 24.9 Shields
 + Level 19.6 Unarmed Combat
 + Level 19.6 Spellcasting
 + Level 16.8 Conjurations
 + Level 16.8 Hexes
 + Level 16.8 Summonings
 + Level 16.8 Necromancy
 + Level 16.8 Translocations
 + Level 16.8 Transmutations
 + Level 16.8 Fire Magic
 + Level 16.8 Ice Magic
 + Level 16.8 Air Magic
 + Level 16.8 Earth Magic
 + Level 16.8 Poison Magic
 + Level 21.2 Invocations
 + Level 19.6 Evocations


You had 65 spell levels left.
You didn't know any spells.
Your spell library contained the following spells:

 Spells                   Type           Power      Damage    Failure   Level
 Apportation              Tloc           100%       N/A       1%          1
 Beastly Appendage        Tmut           100%       N/A       1%          1
 Foxfire                  Conj/Fire      100%       2x1d9     1%          1
 Magic Dart               Conj           100%       1d8       1%          1
 Necrotise                Necr           100%       1d9       1%          1
 Sandblast                Erth           100%       2d20      1%          1
 Shock                    Conj/Air       100%       1d9       1%          1
 Sting                    Tmut/Pois      100%       1d8       1%          1
 Summon Small Mammal      Summ           100%       N/A       1%          1
 Blink                    Tloc           100%       N/A       1%          2
 Call Imp                 Summ           100%       N/A       1%          2
 Ensorcelled Hibernation  Hex/Ice        100%       N/A       1%          2
 Lesser Beckoning         Tloc           100%       N/A       1%          2
 Momentum Strike          Conj/Tloc      100%       3d10      1%          2
 Passwall                 Tmut/Erth      42%        N/A       1%          2
 Poisonous Vapours        Pois/Air       100%       N/A       1%          2
 Searing Ray              Conj           100%       2d8       1%          2
 Sublimation of Blood     Necr           51%        N/A       1%          2
 Wereblood                Tmut           51%        N/A       1%          2
 Call Canine Familiar     Summ           51%        N/A       1%          3
 Confusing Touch          Hex            51%        N/A       1%          3
 Dazzling Flash           Conj/Hex       100%       N/A       1%          3
 Ignite Poison            Fire/Tmut/Pois 51%        N/A       1%          3
 Inner Flame              Hex/Fire       51%        N/A       1%          3
 Mephitic Cloud           Conj/Pois/Air  51%        N/A       1%          3
 Portal Projectile        Hex/Tloc       100%       N/A       1%          3
 Spider Form              Tmut/Pois      51%        N/A       1%          3
 Stone Arrow              Conj/Erth      100%       3d13      1%          3
 Summon Guardian Golem    Hex/Summ       51%        N/A       1%          3
 Swiftness                Air            51%        N/A       1%          3
 Vampiric Draining        Necr           51%        2d9       1%          3
 Vhi's Electric Charge    Tloc/Air       100%       N/A       1%          3
 Volatile Blastmotes      Fire/Tloc      100%       2d18      1%          3
 Airstrike                Air            25%        2d(4-20)  1%          4
 Anguish                  Hex/Necr       25%        N/A       1%          4
 Animate Dead             Necr           51%        N/A       1%          4
 Cause Fear               Hex            25%        N/A       1%          4
 Dispel Undead            Necr           51%        3d19      1%          4
 Flame Wave               Conj/Fire      51%        2d13      1%          4
 Fulminant Prism          Conj/Hex       25%        3d14      1%          4
 Iskenderun's Mystic Bla  Conj/Tloc      51%        2d11      1%          4
 Leda's Liquefaction      Hex/Erth       25%        N/A       1%          4
 Manifold Assault         Tloc           51%        N/A       1%          4
 Olgreb's Toxic Radiance  Pois           51%        N/A       1%          4
 Passage of Golubria      Tloc           51%        N/A       1%          4
 Petrify                  Tmut/Erth      51%        N/A       1%          4
 Sticky Flame             Conj/Fire      51%        2d7       1%          4
 Agony                    Necr           51%        N/A       1%          5
 Arcjolt                  Conj/Air       25%        1d35      1%          5
 Blade Hands              Tmut           25%        N/A       1%          5
 Borgnjor's Vile Clutch   Necr/Erth      25%        N/A       1%          5
 Fireball                 Conj/Fire      25%        3d11      1%          5
 Freezing Cloud           Conj/Ice/Air   25%        6-21      1%          5
 Irradiate                Conj/Tmut      25%        3d20      1%          5
 Iskenderun's Battlesphe  Conj           51%        2d10      1%          5
 Lee's Rapid Deconstruct  Erth           25%        3d14*     1%          5
 Silence                  Hex/Air        25%        N/A       1%          5
 Summon Forest            Summ/Tloc      25%        N/A       1%          5
 Summon Mana Viper        Hex/Summ       51%        N/A       1%          5
 Conjure Ball Lightning   Conj/Air       25%        3x3d7     5%          6
 Death Channel            Necr           25%        N/A       5%          6
 Iron Shot                Conj/Erth      25%        9d5       5%          6
 Plasma Beam              Fire/Air       25%        2x1d41    5%          6
 Simulacrum               Ice/Necr       25%        N/A       5%          6
 Starburst                Conj/Fire      25%        6d8       5%          6
 Statue Form              Tmut/Erth      34%        N/A       5%          6
 Summon Cactus Giant      Summ           25%        N/A       5%          6
 Dragon Form              Tmut           25%        N/A       30%         7
 Enfeeble                 Hex            25%        N/A       30%         7
 Haunt                    Necr/Summ      25%        N/A       30%         7
 Malign Gateway           Summ/Tloc      25%        N/A       30%         7
 Orb of Destruction       Conj           25%        9d9       30%         7
 Spellforged Servitor     Conj/Summ      25%        N/A       30%         7
 Storm Form               Tmut/Air       25%        N/A       30%         7
 Borgnjor's Revivificati  Necr           25%        N/A       94%         8
 Discord                  Hex            25%        N/A       94%         8
 Ignition                 Fire           25%        3d9       94%         8
 Infestation              Necr           25%        N/A       94%         8
 Lehudib's Crystal Spear  Conj/Erth      25%        10d7      94%         8
 Necromutation            Tmut/Necr      25%        N/A       94%         8
 Summon Horrible Things   Summ           25%        N/A       94%         8
 Death's Door             Necr           25%        N/A       100%        9


Dungeon Overview and Level Annotations

Branches:
Dungeon (15/15)            Temple (0/1) D:7            Lair (5/5) D:10
  Swamp (4/4) Lair:3        Snake (4/4) Lair:2        Slime (5/5) Lair:5
    Orc (2/2) D:11            Elf (3/3) Orc:2        Vaults (5/5) D:13
  Crypt (3/3) Vaults:2       Tomb (0/3) Crypt:3      Depths (4/4) D:15
    Zot (5/5) Depths:4     Bailey (visited)           IceCv (visited)
Volcano (visited)         Gauntlet (visited)

Altars:
Dithmenos
Elyvilon
Fedhas
Gozag
Kikubaaqudgha
Makhleb
Nemelex Xobeh
Okawaru
Qazlal
Sif Muna
Trog
Vehumet
Wu Jian
Xom
Yredelemnul
The Shining One
Jiyva

Shops:
D:15 !=   Orc:2 =![*?   Elf:1 *:[![   Elf:3 (   Snake:3 :*[*[   Snake:4 ?
Vaults:2 (!*   Vaults:3 [   Vaults:5 !   Depths:1 :[?[

Portals:
Hell: Depths:1 Depths:2 Depths:3 Depths:4
Abyss: Depths:1 Depths:3
Pandemonium: Orc:2 Depths:2
Ziggurat: Depths:3


Innate Abilities, Weirdness & Mutations

You have very sharp teeth.
Your uncanny sense of smell can sniff out nearby items.
Your experience applies equally to all skills.
You have large cloven feet.
You are partially covered in iridescent scales. (AC +2)
You are very clumsy. (Dex -4)


Message History

You block the Hell Sentinel's attack. The Hell Sentinel misses you.
There is a staircase leading out of the dungeon here.
You open the Hell Sentinel like a pillowcase!!!
The Hell Sentinel is moderately wounded.
You slash the Hell Sentinel!
You bite the Hell Sentinel, but do no damage.
The Hell Sentinel is heavily wounded.
You block the Hell Sentinel's attack.
The Hell Sentinel hits you but does no damage.
You hit the Hell Sentinel but do no damage.
You bite the Hell Sentinel, but do no damage.
The Hell Sentinel is heavily wounded.
You hit the Hell Sentinel but do no damage.
You bite the Hell Sentinel, but do no damage.
The Hell Sentinel is heavily wounded.
You block the Hell Sentinel's attack.
The Hell Sentinel hits you but does no damage.
You slice the Hell Sentinel!!
You bite the Hell Sentinel, but do no damage.
The Hell Sentinel is heavily wounded.
You hit the Hell Sentinel but do no damage.
You bite the Hell Sentinel, but do no damage.
The Hell Sentinel is heavily wounded.
The Hell Sentinel gestures at you.
You block iron shot... and reflect it back!
The iron shot hits the Hell Sentinel!!!
You slash the Hell Sentinel!
You kill the Hell Sentinel!
Trog accepts your kill.
There is a staircase leading out of the dungeon here.
Okay, then.
Okay, then.
As you read the scroll of summoning, it crumbles to dust.
Wisps of shadow whirl around you...
As you read the scroll of summoning, it crumbles to dust.
Wisps of shadow whirl around you...
You are confused.
You feel invigorated.
Magic restored.
You have escaped!

##.................#
#.......[..........#
####.#######...........
##....# #####.......
#..#### #....... ##.##
#####'## #..# #######
#... #.####.r.r.## ####
#.# #..g@g..# ########
#.# ##..l..## #.......
#.###.##'### #.......
#.##.#.....### #.......
#.#..........#####.......
#.'.....8.....'.##.......
####.........##..........
###.....#######.......
####### #.......


You could see a friendly quokka (summoned), a friendly hobgoblin (summoned), a
friendly goblin (summoned), a friendly frilled lizard (summoned) and a friendly
rat (summoned).

Vanquished Creatures
  the Royal Jelly (Slime:5)
  Dissolution (Slime:5)
  4 ancient liches
  2 dread liches
  3 orbs of fire (Zot:5)
  Mennas (Crypt:3)
  Mara (Vaults:3)
  Josephina (Crypt:2)
  Boris (twice) (Vaults:3 Crypt:2)
  Vv (Zot:4)
  Parghit (Zot:4)
  the Lernaean hydra (Swamp:4)
  Margery (Crypt:3)
  2 curse toes
  Saint Roka (Vaults:1)
  5 Killer Klowns
  4 caustic shrikes (Depths:3)
  7 golden dragons
  Jory (Depths:3)
  4 bone dragons
  2 electric golems (Zot:5)
  Zenata (Crypt:3)
  2 Hell Sentinels
  12 tentacled monstrosities
  7 liches
  6 titans
  27 Orb Guardians
  A walking frostbound tome (Depths:3)
  4 deep elf blademasters
  9 quicksilver dragons
  4 ancient champions (Crypt:3)
  10 acid blobs
  An Executioner (D:10)
  7 death cobs
  6 tengu reavers
  A thorn hunter (Swamp:3)
  7 sphinxes
  9 shadow dragons
  13 storm dragons
  7 draconian monks
  Kirke (D:13)
  A demonspawn warmonger (Depths:4)
  An azure jelly (shapeshifter) (Vaults:5)
  6 draconian knights
  7 azure jellies
  6 fire giants
  7 deep elf sorcerers
  6 nagarajas
  9 rockslimes
  18 vault wardens
  Roxanne (D:15)
  3 frost giants (Vaults:5)
  An iron dragon (Vaults:5)
  6 draconian scorchers
  6 ghost moths
  Aizul (Vaults:3)
  13 ghouls
  Louise (Elf:3)
  A caustic shrike zombie (Crypt:1)
  5 deep elf elementalists (Elf:3)
  A curse skull (Crypt:2)
  3 orc warlords
  2 war gargoyles
  7 draconian annihilators
  19 ironbound preservers
  5 draconian shifters
  14 draconian stormcallers
  20 very ugly things
  5 quicksilver oozes
  8 ironbound thunderhulks
  A reaper (Depths:4)
  9 vampire knights
  The ghost of kelmen the Warrior, a journeyman MiBe of Trog (Snake:3)
  A juggernaut skeleton (Crypt:3)
  15 stone giants
  4 eleionomae
  2 bunyips (Swamp:4)
  17 green draconians
  7 deep elf demonologists
  21 yellow draconians
  9 deep elf annihilators
  17 white draconians
  10 black draconians
  14 red draconians
  A minotaur (Gauntlet)
  11 purple draconians
  17 dire elephants
  4 eidola
  A fire dragon (shapeshifter) (Vaults:1)
  A quicksilver dragon zombie (Crypt:3)
  8 jiangshi
  2 fire dragons (Depths:1)
  11 crystal guardians (Depths:3)
  11 deep elf death magi
  11 ettins
  11 deep elf high priests
  2 spriggan zombies
  10 great orbs of eyes
  2 entropy weavers
  10 yaktaur captains
  A salamander tyrant (Snake:4)
  8 ice dragons
  3 spriggan air magi
  5 rakshasas
  2 ghost crabs
  17 hydras
  A catoblepas (Lair:2)
  A hydra (shapeshifter) (Vaults:5)
  10 ironbound frosthearts
  2 spriggan skeletons (Crypt:3)
  29 vault guards
  Erica (D:8)
  A juggernaut simulacrum (Crypt:2)
  11 anacondas
  9 centaur warriors
  30 dancing weapons
  6 two-headed ogres
  5 boulder beetles
  2 demonspawn (Orc:2)
  5 deep troll shamans
  18 naga warriors
  15 alligators
  6 death yaks
  5 vampire magi
  6 orc high priests (Orc:2)
  5 tengu warriors
  6 spriggan berserkers
  5 deep troll earth magi
  3 hell hogs (Depths:2)
  5 shock serpents
  25 deep elf knights
  15 naga sharpshooters
  15 hell knights
  A skyshark (Lair:4)
  77 skeletal warriors
  4 soul eaters
  A spectral death yak (Lair:5)
  4 sun demons
  5 salamander mystics
  3 shadow wraiths
  A fire crab (shapeshifter) (D:15)
  5 iron trolls
  3 goliath frogs
  6 glowing orange brains
  10 swamp dragons
  35 deep trolls
  A spectral anaconda (Lair:5)
  2 shadow demons
  5 lindwurms
  5 flayed ghosts
  20 bog bodies
  4 spriggan druids
  An orb spider (Depths:1)
  12 deep elf archers
  An orange crystal statue (Depths:3)
  A glowing orange brain (shapeshifter) (Vaults:4)
  9 wizards
  19 ironbound convokers
  A bunyip skeleton (Crypt:3)
  An obsidian statue (Lair:5)
  An iron giant skeleton (Crypt:2)
  13 orc knights
  21 deep elf zephyrmancers
  4 naga ritualists
  2 anaconda skeletons
  7 phantasmal warriors
  28 deep elf pyromancers
  16 necromancers
  3 harpies (Vaults:5)
  36 ugly things
  7 mana vipers
  8 cyclopes
  5 manticores
  8 orc sorcerers
  A wolf spider (D:15)
  2 will-o-the-wisps
  A shining eye (Slime:1)
  A tengu skeleton (Vaults:3)
  3 manticores (shapeshifter) (Vaults:5)
  12 salamanders
  5 elephants (Lair:5)
  A rust devil (D:7)
  An iron dragon skeleton (Crypt:1)
  A moth of wrath (shapeshifter) (Snake:3)
  A fire giant skeleton (Vaults:3)
  4 dire elephant skeletons
  17 vault sentinels
  An ice statue (IceCv)
  3 torpor snails
  A guardian serpent (shapeshifter) (Vaults:5)
  3 smoke demons
  32 moths of wrath
  A stone giant skeleton (Crypt:3)
  6 molten gargoyles (Volcano)
  A titan simulacrum (Crypt:2)
  A demonic crawler (Depths:4)
  A frost giant skeleton (Vaults:5)
  25 black mambas
  26 naga magi
  A guardian serpent (Snake:4)
  4 orange demons (D:13)
  2 eyes of devastation
  3 gargoyles
  15 cane toads
  5 centaur skeletons
  A naga skeleton (Crypt:3)
  A kobold demonologist (D:13)
  11 komodo dragons
  6 unseen horrors
  A rime drake (Lair:3)
  2 hellions
  4 anaconda simulacra
  A sea snake zombie (Crypt:3)
  49 yaktaurs
  A yaktaur (shapeshifter) (Depths:3)
  A death yak skeleton (Crypt:1)
  A tengu conjurer (Depths:1)
  3 guardian mummies (Crypt:1)
  A green draconian skeleton (Crypt:2)
  6 freezing wraiths
  3 red devils
  A tormentor (D:9)
  A queen bee (Vaults:2)
  6 trolls
  12 ice devils
  A hydra zombie (Crypt:1)
  3 meliai (D:15)
  4 bloated husks
  7 polar bears
  11 hornets
  A queen bee (shapeshifter) (D:15)
  7 tyrant leeches
  2 wind drakes (Vaults:2)
  A merfolk (Snake:4)
  6 dream sheep (Lair:5)
  An ettin zombie (Crypt:1)
  12 blink frogs
  8 large abominations
  Grinder (D:4)
  2 raiju
  An iron dragon simulacrum (Crypt:2)
  A harpy skeleton (Crypt:3)
  A snapping turtle (Vaults:2)
  A stone giant simulacrum (Vaults:5)
  10 flying skulls
  79 slime creatures
  A naga simulacrum (Crypt:1)
  A fire giant simulacrum (Vaults:3)
  3 centaur simulacra
  A slime creature (shapeshifter) (Depths:4)
  7 water elementals
  Sigmund (D:6)
  5 shadows
  An ettin skeleton (Crypt:3)
  14 spriggans
  4 dire elephant simulacra (IceCv)
  7 wraiths
  3 hogs (D:13)
  A black mamba skeleton (Crypt:3)
  5 basilisks
  46 yaks
  A wind drake zombie (Crypt:1)
  A wyvern (Lair:2)
  A hog (shapeshifter) (D:15)
  A fire bat (shapeshifter) (Elf:3)
  Grum (D:10)
  3 fire elementals
  A human (Vaults:2)
  A golden eye (Slime:5)
  4 chaos spawn
  24 vampire mosquitoes
  2 steam dragons
  A spectral cane toad (Lair:5)
  4 death yak simulacra
  2 redbacks
  11 swamp worms
  4 wargs
  A harpy simulacrum (Crypt:1)
  An entropy weaver zombie (Crypt:3)
  A fire bat zombie (Crypt:1)
  54 nagas
  An acid dragon (D:10)
  A merfolk zombie (Crypt:1)
  2 hydra simulacra (IceCv)
  8 water moccasins
  A floating eye (shapeshifter) (Depths:4)
  A meliai simulacrum (D:15)
  A dream sheep zombie (Crypt:2)
  2 floating eyes (Gauntlet)
  32 orc warriors
  An ice beast (D:12)
  12 swamp drakes
  4 black bears
  7 ogres
  5 sky beasts
  A swamp dragon skeleton (Crypt:1)
  A boggart (Vaults:2)
  A black mamba simulacrum (Crypt:2)
  16 wolves
  An elephant skeleton (Lair:5)
  7 centaurs
  A snapping turtle skeleton (Crypt:1)
  A phantom (D:7)
  2 kobold brigands
  2 elf zombies (Elf:1)
  2 gnoll sergeants
  17 bullfrogs
  6 necrophages
  A two-headed ogre simulacrum (IceCv)
  6 cane toad simulacra
  2 earth elementals (Elf:3)
  2 salamander skeletons (Crypt:3)
  A wyvern zombie (Crypt:3)
  3 scorpions
  16 wights
  A water moccasin zombie (Crypt:2)
  2 cyclops skeletons
  8 small abominations
  A troll zombie (Crypt:2)
  6 killer bees
  An elephant simulacrum (IceCv)
  A yak skeleton (Crypt:1)
  11 howler monkeys
  6 electric eels
  Crazy Yiuf (D:7)
  5 hounds
  26 orc priests
  4 gnoll boudas
  A human zombie (Crypt:1)
  5 jellies
  A sleepcap (D:4)
  2 human skeletons
  6 iguanas
  20 orc wizards
  6 hell rats (Lair:2)
  4 polar bear simulacra (IceCv)
  9 wolf simulacra (IceCv)
  Terence (D:3)
  A spriggan simulacrum (IceCv)
  An ogre zombie (Crypt:2)
  5 mummies (Crypt:1)
  Robin (D:2)
  31 gnolls
  7 adders
  A shadow imp (D:8)
  10 white imps
  2 ufetubi
  A lava snake skeleton (Crypt:3)
  A worm (Vaults:2)
  2 dart slugs
  84 orcs
  7 ball pythons
  A bat zombie (Crypt:3)
  6 endoplasms
  A giant cockroach (D:3)
  16 hobgoblins
  9 jackals
  29 kobolds
  4 quokkas
  A ball python skeleton (Crypt:3)
  3 bats
  5 frilled lizards
  20 goblins
  3 goblin zombies (D:3)
  4 hobgoblin zombies (D:3)
  A kobold skeleton (D:3)
  An orc skeleton (D:3)
  5 rats
  A butterfly (Depths:2)
  18 foxfires
2528 creatures vanquished.

Notes
Turn   | Place    | Note
-------+----------+-------------------------------------------
     0 | D:1      | jfcaron the Gnoll Berserker began the quest for the Orb.
     0 | D:1      | Reached XP level 1. HP: 23/23 MP: 1/1
    97 | D:1      | Reached XP level 2. HP: 20/29 MP: 2/2
   400 | D:1      | Found a faded altar of an unknown god.
   829 | D:2      | Reached XP level 3. HP: 35/35 MP: 3/3
   846 | D:2      | Reached skill level 1 in Invocations
   890 | D:2      | Reached skill level 1 in Short Blades
   890 | D:2      | Reached skill level 1 in Long Blades
   890 | D:2      | Reached skill level 1 in Maces & Flails
   890 | D:2      | Reached skill level 1 in Polearms
   890 | D:2      | Reached skill level 1 in Staves
   890 | D:2      | Reached skill level 1 in Ranged Weapons
   890 | D:2      | Reached skill level 1 in Throwing
   890 | D:2      | Reached skill level 1 in Stealth
   890 | D:2      | Reached skill level 1 in Shields
   890 | D:2      | Reached skill level 1 in Unarmed Combat
   890 | D:2      | Reached skill level 1 in Spellcasting
   890 | D:2      | Reached skill level 1 in Evocations
  1149 | D:2      | Reached ** piety under Trog
  1152 | D:2      | Noticed Robin
  1154 | D:2      | Reached XP level 4. HP: 41/41 MP: 5/5
  1158 | D:2      | Killed Robin
  1195 | D:2      | Reached skill level 1 in Conjurations
  1195 | D:2      | Reached skill level 1 in Hexes
  1195 | D:2      | Reached skill level 1 in Summonings
  1195 | D:2      | Reached skill level 1 in Necromancy
  1195 | D:2      | Reached skill level 1 in Translocations
  1195 | D:2      | Reached skill level 1 in Transmutations
  1195 | D:2      | Reached skill level 1 in Fire Magic
  1195 | D:2      | Reached skill level 1 in Ice Magic
  1195 | D:2      | Reached skill level 1 in Air Magic
  1195 | D:2      | Reached skill level 1 in Earth Magic
  1195 | D:2      | Reached skill level 1 in Poison Magic
  1616 | D:3      | Identified the +2 mace of Arrival {elec, rN+}
  1727 | D:3      | Reached *** piety under Trog
  1741 | D:3      | Reached XP level 5. HP: 47/47 MP: 7/7
  1815 | D:3      | Found a glowing golden altar of the Shining One.
  1852 | D:3      | Noticed Terence
  1859 | D:3      | Killed Terence
  2177 | D:4      | Noticed Grinder
  2200 | D:4      | Paralysed by Grinder for 5 turns
  2336 | D:4      | Paralysed by Grinder for 3 turns
  2340 | D:4      | Killed Grinder
  2341 | D:4      | Reached skill level 5 in Armour
  2341 | D:4      | Reached skill level 5 in Dodging
  2341 | D:4      | Reached skill level 2 in Shields
  2341 | D:4      | Reached XP level 6. HP: 41/53 MP: 7/9
  2444 | D:4      | Found a blossoming altar of Fedhas.
  2553 | D:4      | Reached **** piety under Trog
  2563 | D:4      | Reached XP level 7. HP: 29/60 MP: 10/10
  3271 | D:5      | Entered Level 5 of the Dungeon
  3311 | D:5      | Found an iron altar of Okawaru.
  3889 | D:5      | Reached skill level 3 in Shields
  3889 | D:5      | Reached XP level 8. HP: 67/67 MP: 12/12
  3943 | D:5      | Found a stormy altar of Qazlal.
  3946 | D:5      | Found a shimmering altar of Xom.
  4640 | D:6      | Noticed Sigmund
  4663 | D:6      | Killed Sigmund
  4664 | D:6      | Reached XP level 9. HP: 67/73 MP: 14/14
  4756 | D:6      | Reached skill level 4 in Shields
  4812 | D:6      | Found an ornate altar of the Wu Jian Council.
  4904 | D:6      | Reached ***** piety under Trog
  5523 | D:7      | Reached skill level 5 in Invocations
  5529 | D:7      | Found a staircase to the Ecumenical Temple.
  5530 | D:7      | Found a basalt altar of Yredelemnul.
  5783 | D:7      | Found a runed translucent door.
  5785 | D:7      | Noticed Crazy Yiuf
  5792 | D:7      | Killed Crazy Yiuf
  5964 | D:7      | Found a shadowy altar of Dithmenos.
  6312 | D:8      | Found a burning altar of Makhleb.
  6341 | D:8      | Noticed Erica
  6350 | D:8      | HP: 14/74 [Erica/+0 scimitar of flaming (6)]
  6357 | D:8      | Killed Erica
  6358 | D:8      | Reached skill level 5 in Short Blades
  6358 | D:8      | Reached skill level 5 in Long Blades
  6358 | D:8      | Reached skill level 5 in Maces & Flails
  6358 | D:8      | Reached skill level 5 in Polearms
  6358 | D:8      | Reached skill level 5 in Staves
  6358 | D:8      | Reached skill level 5 in Ranged Weapons
  6358 | D:8      | Reached skill level 5 in Throwing
  6358 | D:8      | Reached skill level 5 in Stealth
  6358 | D:8      | Reached skill level 5 in Shields
  6358 | D:8      | Reached skill level 5 in Unarmed Combat
  6358 | D:8      | Reached skill level 5 in Spellcasting
  6358 | D:8      | Reached skill level 5 in Evocations
  6358 | D:8      | Reached XP level 10. HP: 39/82 MP: 17/17
  6502 | D:8      | Found a flagged portal.
  6566 | Bailey   | Entered a bailey
  6621 | Bailey   | Noticed an orc knight
  6626 | Bailey   | Killed an orc knight
  6632 | Bailey   | Identified the +13 chain mail of Enkupn {Harm Str+5 Int-4}
  7597 | D:9      | Found a bloodstained altar of Trog.
  7734 | D:9      | Noticed a gargoyle
  7738 | D:9      | Killed a gargoyle
  7805 | D:9      | You are sucked into a shaft and drop 3 floors!
  7824 | D:12     | Noticed an unseen horror
  7831 | D:12     | Killed an unseen horror
  7832 | D:12     | Reached skill level 6 in Shields
  7832 | D:12     | Reached skill level 5 in Conjurations
  7832 | D:12     | Reached skill level 5 in Hexes
  7832 | D:12     | Reached skill level 5 in Summonings
  7832 | D:12     | Reached skill level 5 in Necromancy
  7832 | D:12     | Reached skill level 5 in Translocations
  7832 | D:12     | Reached skill level 5 in Transmutations
  7832 | D:12     | Reached skill level 5 in Fire Magic
  7832 | D:12     | Reached skill level 5 in Ice Magic
  7832 | D:12     | Reached skill level 5 in Air Magic
  7832 | D:12     | Reached skill level 5 in Earth Magic
  7832 | D:12     | Reached skill level 5 in Poison Magic
  7838 | D:12     | Received a gift from Trog
  7839 | D:12     | Reached XP level 11. HP: 38/89 MP: 20/20
  7880 | D:12     | Noticed a skeletal warrior
  7883 | D:12     | HP: 16/89 [polar bear (27)]
  7889 | D:12     | Noticed a skeletal warrior
  7890 | D:12     | Killed a skeletal warrior
  7891 | D:12     | Noticed a two-headed ogre
  7891 | D:12     | Noticed a skeletal warrior
  7892 | D:12     | Noticed a skeletal warrior
  7893 | D:12     | Killed a skeletal warrior
  7894 | D:12     | Killed a skeletal warrior
  7895 | D:12     | Killed a skeletal warrior
  7901 | D:12     | Noticed a cyclops
  7907 | D:12     | Killed a cyclops
  7909 | D:12     | Killed a two-headed ogre
  7978 | D:12     | Noticed a manticore
  7984 | D:12     | Killed a manticore
  7990 | D:12     | Found a frozen archway.
  8008 | IceCv    | Entered an ice cave
  8250 | IceCv    | Noticed a white ugly thing
  8262 | IceCv    | Killed a white ugly thing
  8396 | IceCv    | Reached skill level 7 in Shields
  8406 | IceCv    | Found the +4 skin of Zhor {*Englaciate rC+++ SInv}
  8615 | IceCv    | Reached XP level 12. HP: 97/97 MP: 22/22
  8806 | IceCv    | Found an ancient bone altar of Kikubaaqudgha.
  8822 | IceCv    | Reached skill level 10 in Fighting
  8822 | IceCv    | Reached skill level 10 in Axes
  9381 | D:12     | Received a gift from Trog
  9843 | D:12     | Noticed a centaur warrior
  9853 | D:12     | Killed a centaur warrior
  9854 | D:12     | Reached skill level 8 in Shields
 10179 | D:12     | Noticed a two-headed ogre
 10186 | D:12     | Killed a two-headed ogre
 10187 | D:12     | Reached XP level 13. HP: 104/104 MP: 25/25
 10890 | D:11     | Found a staircase to the Orcish Mines.
 11080 | D:10     | Entered Level 10 of the Dungeon
 11215 | D:10     | Received a gift from Trog
 11276 | D:10     | Found a staircase to the Lair.
 11687 | D:10     | Noticed Grum
 11703 | D:10     | Killed Grum
 11911 | D:10     | Found a sparkling altar of Nemelex Xobeh.
 12114 | D:10     | Found an opulent altar of Gozag.
 12953 | Orc:1    | Entered Level 1 of the Orcish Mines
 13029 | Orc:2    | Entered Level 2 of the Orcish Mines
 13029 | Orc:2    | Found a staircase to the Elven Halls.
 13354 | Orc:2    | Reached skill level 10 in Armour
 13354 | Orc:2    | Reached skill level 10 in Dodging
 13434 | Orc:1    | Received a gift from Trog
 14003 | Orc:2    | Found Wavots's Magic Scroll Boutique.
 14017 | Orc:2    | Bought a scroll of fear for 64 gold pieces
 14017 | Orc:2    | Bought a scroll of fear for 64 gold pieces
 14017 | Orc:2    | Bought a scroll of summoning for 152 gold pieces
 14017 | Orc:2    | Bought a scroll of summoning for 152 gold pieces
 14017 | Orc:2    | Bought a scroll of poison for 64 gold pieces
 14017 | Orc:2    | Bought a scroll of poison for 64 gold pieces
 14017 | Orc:2    | Bought a scroll of poison for 64 gold pieces
 14456 | Orc:2    | HP: 21/106 [orc warrior/+0 dire flail (32)]
 14819 | Orc:2    | Paralysed by an orc sorcerer for 5 turns
 14828 | Orc:2    | Reached skill level 9 in Shields
 15001 | Orc:2    | Found Taxt's General Store.
 15003 | Orc:2    | Found Abeen's Distillery.
 15033 | Orc:2    | Bought a potion of heal wounds for 70 gold pieces
 15033 | Orc:2    | Bought a potion of heal wounds for 70 gold pieces
 15245 | Orc:2    | Reached skill level 10 in Invocations
 15245 | Orc:2    | Reached XP level 14. HP: 105/113 MP: 27/27
 15645 | Orc:2    | Found Odghytz's Jewellery Boutique.
 15645 | Orc:2    | Found Voskeng's Antique Armour Shop.
 15652 | Orc:2    | Found a one-way gate leading to the halls of Pandemonium.
 15862 | Orc:2    | Bought a scroll of magic mapping for 120 gold pieces
 15862 | Orc:2    | Bought 7 stones for 11 gold pieces
 15862 | Orc:2    | Bought 5 atropa-tipped darts for 72 gold pieces
 15862 | Orc:2    | Bought a scroll of identify for 32 gold pieces
 15865 | Orc:2    | Bought a potion of mutation for 112 gold pieces
 15865 | Orc:2    | Bought a potion of mutation for 112 gold pieces
 15865 | Orc:2    | Bought a potion of mutation for 112 gold pieces
 15924 | Orc:2    | Bought a scroll of silence for 152 gold pieces
 15924 | Orc:2    | Bought a scroll of immolation for 64 gold pieces
 15924 | Orc:2    | Bought a scroll of enchant armour for 120 gold pieces
 16090 | Lair:1   | Entered Level 1 of the Lair of Beasts
 16495 | Lair:1   | Identified the +4 great mace of Virtue {heavy, rElec MP-9
                  | Stlth+} (Trog gifted it to you on level 1 of the Lair of
                  | Beasts)
 16495 | Lair:1   | Received a gift from Trog
 17314 | Lair:2   | Found a gate leading to a gauntlet.
 17324 | Lair:2   | Found a staircase to the Snake Pit.
 17354 | Gauntlet | Entered a Gauntlet
 17354 | Gauntlet | Found a transporter.
 17354 | Gauntlet | Found a transporter.
 17357 | Gauntlet | Found a transporter.
 17360 | Gauntlet | Found a transporter.
 17360 | Gauntlet | Found a transporter.
 17362 | Gauntlet | Found a large runed translucent door.
 17363 | Gauntlet | Found a large runed translucent door.
 17364 | Gauntlet | Found a large runed translucent door.
 17364 | Gauntlet | Found a large runed translucent door.
 17364 | Gauntlet | Found a runed translucent door.
 17364 | Gauntlet | Found a runed translucent door.
 17365 | Gauntlet | Found a large runed translucent door.
 17366 | Gauntlet | Found a large runed translucent door.
 17367 | Gauntlet | Found a large runed translucent door.
 17367 | Gauntlet | Found a large runed translucent door.
 17368 | Gauntlet | Found a runed translucent gate.
 17368 | Gauntlet | Found a runed translucent gate.
 17368 | Gauntlet | Found a runed translucent gate.
 17370 | Gauntlet | Found a transporter.
 17381 | Gauntlet | Found a large runed translucent door.
 17382 | Gauntlet | Found a large runed translucent door.
 17383 | Gauntlet | Found a large runed translucent door.
 17390 | Gauntlet | Found a large runed translucent door.
 17392 | Gauntlet | Found a large runed translucent door.
 17392 | Gauntlet | Found a large runed translucent door.
 17393 | Gauntlet | Found a large runed translucent door.
 17394 | Gauntlet | Found a large runed translucent door.
 17437 | Gauntlet | Found a transporter.
 17447 | Gauntlet | Found a transporter.
 17462 | Gauntlet | Found a transporter.
 17472 | Gauntlet | Found a transporter.
 17487 | Gauntlet | Found a transporter.
 17493 | Gauntlet | Found a transporter.
 17799 | Gauntlet | Identified the scarf "Joteitunwea" {shadows, Drain rF++
                  | Int+5}
 17961 | Gauntlet | Identified the ring "Papoeh" {Ice Int+3 Dex+4}
 18119 | Gauntlet | HP: 16/114 [minotaur/+1 heavy glaive (36)]
 18356 | Gauntlet | Got Bathrisk's Textbook on the Sphinx and Topomancy
 18359 | Gauntlet | Got the Excursus on Incineration and Outbursts
 18362 | Gauntlet | Identified the +1 robe of the Blue God {Harm rElec rPois
                  | Str-2}
 18613 | Lair:2   | Identified the ring "Hosapitueph" {Int+6 Dex+4}
 19401 | Lair:3   | Found a dark tunnel.
 19421 | Volcano  | Entered a volcano
 19755 | Volcano  | Reached skill level 10 in Short Blades
 19755 | Volcano  | Reached skill level 10 in Long Blades
 19755 | Volcano  | Reached skill level 10 in Maces & Flails
 19755 | Volcano  | Reached skill level 10 in Polearms
 19755 | Volcano  | Reached skill level 10 in Staves
 19755 | Volcano  | Reached skill level 10 in Ranged Weapons
 19755 | Volcano  | Reached skill level 10 in Throwing
 19755 | Volcano  | Reached skill level 10 in Stealth
 19755 | Volcano  | Reached skill level 10 in Shields
 19755 | Volcano  | Reached skill level 10 in Unarmed Combat
 19755 | Volcano  | Reached skill level 10 in Spellcasting
 19755 | Volcano  | Reached skill level 10 in Evocations
 19949 | Volcano  | Noticed an orb of fire
 19955 | Volcano  | Reached XP level 15. HP: 111/120 MP: 17/29
 19998 | Volcano  | Noticed an orb of fire
 20808 | Lair:3   | Found a staircase to the Swamp.
 21391 | Lair:3   | Identified a scroll of acquirement
 21392 | Lair:3   | Acquired a manual of Shields
 21399 | Lair:3   | Identified the +0 robe "Fitamaeg" {Drain rElec rC+}
 22660 | Lair:5   | Entered Level 5 of the Lair of Beasts
 22941 | Lair:5   | Found a staircase to the Slime Pits.
 23480 | Lair:5   | HP: 23/122 [dream sheep (22)]
 23771 | Lair:5   | Reached skill level 11 in Shields
 24748 | Lair:5   | Received a gift from Trog
 25669 | Lair:5   | HP: 13/116 [dire elephant (30)]
 26629 | D:13     | Reached XP level 16. HP: 129/129 MP: 10/30
 27703 | D:13     | Found a gate to the Vaults.
 27733 | D:13     | Noticed Kirke
 27746 | D:13     | Killed Kirke
 28616 | D:14     | Reached skill level 12 in Shields
 29486 | D:14     | Noticed Nessos
 29487 | D:14     | Nessos changed into Nessos the glowing orange brain
 29487 | D:14     | Noticed Nessos
 29494 | D:14     | Killed Nessos the glowing orange brain
 29549 | Abyss:2  | Cast into level 2 of the Abyss (a wizard)
 29591 | Abyss:2  | Found a corrupted altar of Lugonu.
 29661 | D:14     | Escaped the Abyss
 29731 | D:15     | Entered Level 15 of the Dungeon
 30506 | D:15     | Noticed Roxanne
 30559 | D:15     | Found Qydaanoargh's Jewellery Emporium.
 30571 | D:15     | Found Zoapt's Distillery.
 31019 | D:15     | Found a staircase to the Depths.
 31028 | D:15     | Received a gift from Trog
 31367 | D:15     | Killed Roxanne
 31436 | D:15     | Bought a potion of heal wounds for 85 gold pieces
 31436 | D:15     | Bought a potion of curing for 51 gold pieces
 31436 | D:15     | Bought a potion of resistance for 170 gold pieces
 31436 | D:15     | Bought a potion of invisibility for 136 gold pieces
 31436 | D:15     | Bought a potion of might for 68 gold pieces
 31436 | D:15     | Bought a potion of might for 68 gold pieces
 31436 | D:15     | Bought a potion of invisibility for 136 gold pieces
 31674 | Swamp:1  | Entered Level 1 of the Swamp
 31901 | Snake:1  | Entered Level 1 of the Snake Pit
 32771 | Snake:1  | Reached XP level 17. HP: 137/137 MP: 10/32
 32984 | Snake:2  | Reached skill level 13 in Shields
 33218 | Snake:2  | Reached skill level 10 in Conjurations
 33218 | Snake:2  | Reached skill level 10 in Hexes
 33218 | Snake:2  | Reached skill level 10 in Summonings
 33218 | Snake:2  | Reached skill level 10 in Necromancy
 33218 | Snake:2  | Reached skill level 10 in Translocations
 33218 | Snake:2  | Reached skill level 10 in Transmutations
 33218 | Snake:2  | Reached skill level 10 in Fire Magic
 33218 | Snake:2  | Reached skill level 10 in Ice Magic
 33218 | Snake:2  | Reached skill level 10 in Air Magic
 33218 | Snake:2  | Reached skill level 10 in Earth Magic
 33218 | Snake:2  | Reached skill level 10 in Poison Magic
 34199 | Snake:3  | Received a gift from Trog
 34209 | Snake:3  | HP: 24/137 [asphyx]
 34521 | Snake:3  | Found Zaiptac's Book Shoppe.
 34797 | Snake:3  | Found Hoybuoh's General Store.
 34802 | Snake:3  | Bought a potion of heal wounds for 70 gold pieces
 34802 | Snake:3  | Bought 3 stones for 4 gold pieces
 34802 | Snake:3  | Bought 7 stones for 9 gold pieces
 34802 | Snake:3  | Bought a potion of curing for 42 gold pieces
 35095 | Snake:3  | Found a sparkling altar of Nemelex Xobeh.
 35124 | Snake:3  | Found Efakk's Armour Shop.
 35132 | Snake:3  | Found Puorphie's Assorted Antiques.
 35512 | Snake:3  | Found a runed translucent gate.
 35513 | Snake:3  | Found a runed translucent gate.
 35514 | Snake:3  | Found a runed translucent gate.
 35515 | Snake:3  | Noticed kelmen's ghost (journeyman MiBe)
 35562 | Snake:3  | Found Syud's Armour Shoppe.
 35913 | Snake:4  | Entered Level 4 of the Snake Pit
 35964 | Snake:4  | Received a gift from Trog
 36340 | Snake:4  | Found Yrore's Magic Scroll Boutique.
 36645 | Snake:4  | Reached skill level 14 in Shields
 37036 | Snake:4  | Reached XP level 18. HP: 109/146 MP: 11/34
 37251 | Snake:4  | Received a gift from Trog
 37296 | Snake:4  | HP: 28/146 [poisoned by a nagaraja (bolt of poison)]
 37301 | Snake:4  | HP: 25/146 [poisoned by a nagaraja (bolt of poison)]
 37773 | Snake:4  | Got a serpentine rune of Zot
 37948 | Snake:3  | Bought a +1 pair of gloves of dexterity for 297 gold pieces
 38069 | D:10     | Gained mutation: You are resistant to electric shocks.
                  | (rElec) [potion of mutation]
 38069 | D:10     | Gained mutation: You occasionally lose the ability to read
                  | scrolls when taking damage. [potion of mutation]
 38069 | D:10     | Gained mutation: You possess an exceptional clarity of
                  | mind. [potion of mutation]
 38070 | D:10     | Lost mutation: You occasionally lose the ability to read
                  | scrolls when taking damage. [potion of mutation]
 38070 | D:10     | Lost mutation: You possess an exceptional clarity of mind.
                  | [potion of mutation]
 38070 | D:10     | Lost mutation: You are resistant to electric shocks.
                  | (rElec) [potion of mutation]
 38070 | D:10     | Gained mutation: You are partially covered in iridescent
                  | scales. (AC +2) [potion of mutation]
 38070 | D:10     | Gained mutation: You have large cloven feet. [potion of
                  | mutation]
 39122 | Swamp:2  | Received a gift from Trog
 39658 | Swamp:2  | Reached skill level 15 in Shields
 39925 | Swamp:3  | Found a white marble altar of Elyvilon.
 40469 | Swamp:4  | Entered Level 4 of the Swamp
 41232 | Swamp:3  | HP: 22/147 [poison (poison gas)]
 42127 | Swamp:4  | Noticed a tentacled monstrosity
 42135 | Swamp:3  | Reached XP level 19. HP: 147/153 MP: 36/36
 42157 | Swamp:4  | Killed a tentacled monstrosity
 42157 | Swamp:4  | Received a gift from Trog
 42173 | Swamp:4  | Identified the +9 long sword of Zacywocut {flame, rN+
                  | Dex+2}
 42687 | Swamp:4  | Noticed the 27-headed Lernaean hydra
 42692 | Swamp:4  | Killed the 24-headed Lernaean hydra
 42967 | Swamp:4  | Got a decaying rune of Zot
 43702 | Snake:3  | Bought a scroll of enchant armour for 105 gold pieces
 43745 | Snake:3  | Bought a scroll of enchant armour for 262 gold pieces
 43746 | Snake:3  | Bought a potion of mutation for 280 gold pieces
 43883 | Snake:3  | Killed kelmen's ghost
 44103 | Elf:1    | Entered Level 1 of the Elven Halls
 44194 | Elf:1    | Found Efintoykk's General Store.
 44231 | Elf:1    | Found Saohuim's Book Boutique.
 44246 | Elf:1    | Found Nyizeppi's Armour Shop.
 44589 | Elf:1    | Reached skill level 16 in Shields
 44730 | Elf:1    | Found Buntown's Distillery.
 44873 | Elf:1    | Got the Meditations on Blasphemous Liturgies
 45109 | Elf:1    | Found Qoacsu Joce's Armour Shop.
 45312 | Elf:2    | Reached ****** piety under Trog
 45313 | Elf:2    | Reached skill level 15 in Fighting
 45313 | Elf:2    | Reached skill level 15 in Axes
 45411 | Elf:2    | Identified the +6 dagger of the Silent Majority {freeze,
                  | Will+ Int+4}
 45617 | Elf:2    | Found a runed translucent gate.
 45617 | Elf:2    | Found a runed translucent gate.
 45617 | Elf:2    | Found a runed translucent gate.
 45743 | Elf:2    | Received a gift from Trog
 46278 | Elf:2    | Reached skill level 15 in Invocations
 46893 | Elf:3    | Entered Level 3 of the Elven Halls
 46906 | Elf:3    | Reached XP level 20. HP: 162/162 MP: 12/37
 47365 | Elf:3    | Found Kylyor's Weapon Shoppe.
 47376 | Elf:3    | Bought 2 stones for 3 gold pieces
 47435 | Elf:3    | Received a gift from Trog
 47550 | Elf:3    | Noticed Louise
 47560 | Elf:3    | Killed Louise
 47578 | Elf:3    | Noticed a Brimstone Fiend
 47595 | Elf:3    | Reached skill level 17 in Shields
 47845 | Elf:3    | Identified the +11 glaive of Exquisite Death {spect, rElec}
 48738 | Elf:3    | Identified the +7 quarterstaff of Gozag, Cursing {flame,
                  | Stlth+}
 48738 | Elf:3    | Identified the amulet "Uxzyzios" {RegenMP Int+2}
 48741 | Elf:3    | Reached skill level 15 in Armour
 48741 | Elf:3    | Reached skill level 15 in Dodging
 48759 | Elf:3    | Got the Notes on Searing Orientation
 48763 | Elf:3    | Identified the +1 fire dragon scales of Kirrem {Contam rF++
                  | rC- rN+++ Str+3}
 48855 | Elf:3    | Identified the +0 hand axe of the Mashing Penguin {drain,
                  | rC+ SInv}
 48978 | Elf:3    | Identified the +6 shortbow of Irhuun {antimagic, rF- Str+3
                  | Int-4 Dex+7}
 49009 | Elf:3    | Received a gift from Trog
 49290 | Vaults:1 | Entered Level 1 of the Vaults
 49307 | Vaults:1 | Noticed Saint Roka
 49322 | Vaults:1 | Killed Saint Roka
 49665 | Vaults:1 | Identified the +3 longbow "Ogreslayer" {flame, rElec Str+6
                  | Stlth-}
 50621 | Vaults:1 | Reached XP level 21. HP: 126/170 MP: 0/39
 51612 | Vaults:1 | Received a gift from Trog
 52119 | Vaults:2 | Found Jaikhief's Antique Weapon Emporium.
 52120 | Vaults:2 | Found Ituyn's Distillery.
 52124 | Vaults:2 | Bought a potion of heal wounds for 95 gold pieces
 52124 | Vaults:2 | Bought a potion of curing for 57 gold pieces
 52124 | Vaults:2 | Bought a potion of curing for 57 gold pieces
 52124 | Vaults:2 | Bought a potion of curing for 57 gold pieces
 52124 | Vaults:2 | Bought a potion of ambrosia for 152 gold pieces
 52124 | Vaults:2 | Bought a potion of haste for 190 gold pieces
 52420 | Vaults:2 | Reached skill level 18 in Shields
 53178 | Vaults:2 | Identified the +0 leather armour of Marbles {Will+ SInv}
 53607 | Vaults:2 | Found Fadoyloa's Assorted Antiques.
 53612 | Vaults:2 | Bought a wand of polymorph (2) for 106 gold pieces
 54130 | Vaults:2 | Found a staircase to the Crypt.
 54493 | Vaults:3 | Noticed Mara
 54500 | Vaults:3 | Killed Mara
 54501 | Vaults:3 | Reached skill level 15 in Short Blades
 54501 | Vaults:3 | Reached skill level 15 in Long Blades
 54501 | Vaults:3 | Reached skill level 15 in Maces & Flails
 54501 | Vaults:3 | Reached skill level 15 in Polearms
 54501 | Vaults:3 | Reached skill level 15 in Staves
 54501 | Vaults:3 | Reached skill level 15 in Ranged Weapons
 54501 | Vaults:3 | Reached skill level 15 in Throwing
 54501 | Vaults:3 | Reached skill level 15 in Stealth
 54501 | Vaults:3 | Reached skill level 15 in Unarmed Combat
 54501 | Vaults:3 | Reached skill level 15 in Spellcasting
 54501 | Vaults:3 | Reached skill level 15 in Evocations
 54920 | Vaults:2 | Paralysed by a great orb of eyes for 2 turns
 54988 | Vaults:3 | Found Xoucry's Antique Armour Emporium.
 55029 | Vaults:3 | Noticed Boris
 55049 | Vaults:3 | Killed Boris
 55438 | Vaults:3 | Noticed Aizul
 55447 | Vaults:3 | Killed Aizul
 55925 | Vaults:3 | Received a gift from Trog
 56700 | Vaults:3 | Reached XP level 22. HP: 179/179 MP: 12/41
 57362 | Vaults:4 | Received a gift from Trog
 57487 | Vaults:4 | Reached skill level 19 in Shields
 58451 | Vaults:4 | Received a gift from Trog
 59333 | Snake:4  | Bought a scroll of enchant weapon for 105 gold pieces
 59913 | Crypt:1  | Entered Level 1 of the Crypt
 61994 | Crypt:2  | Received a gift from Trog
 62289 | Crypt:2  | Identified the staff of cold "Suzunuprel" {rC+ Dex+2}
 62289 | Crypt:2  | Identified the ring "Zeeloem" {Ice Fly rPois rCorr}
 62289 | Crypt:2  | Noticed Josephina
 62303 | Crypt:2  | Killed Josephina
 62304 | Crypt:2  | Reached XP level 23. HP: 143/187 MP: 7/42
 63140 | Crypt:3  | Entered Level 3 of the Crypt
 63140 | Crypt:3  | Noticed Zenata
 63147 | Crypt:3  | Noticed Boris
 63294 | Crypt:2  | Killed Boris
 63361 | Crypt:3  | Killed Zenata
 63874 | Crypt:3  | Noticed Margery
 63886 | Crypt:3  | Killed Margery
 63906 | Crypt:3  | Reached skill level 20 in Shields
 64587 | Crypt:3  | Received a gift from Trog
 64842 | Crypt:3  | Found an ancient bone altar of Kikubaaqudgha.
 65460 | Crypt:3  | Noticed an ancient lich
 65488 | Crypt:3  | Killed an ancient lich
 66308 | Crypt:3  | Noticed Mennas
 66334 | Crypt:3  | Killed Mennas
 66428 | Crypt:3  | Identified the +6 chain mail of the Ditch-Digger {*Corrode
                  | rElec Will+ Str+4}
 66531 | Crypt:3  | Found a staircase to the Tomb.
 66742 | Crypt:3  | Got the Precepts of Necromancy
 67181 | Depths:1 | Entered Level 1 of the Depths
 67488 | Depths:1 | Found a sparkling altar of Nemelex Xobeh.
 67594 | Depths:1 | Received a gift from Trog
 67753 | Depths:1 | Found Saesups's Antique Armour Shop.
 67753 | Depths:1 | Found Hugy's Magic Scroll Shop.
 67753 | Depths:1 | Found Pakkukh's Armour Boutique.
 67757 | Depths:1 | Found Heny's Book Boutique.
 67773 | Depths:1 | Bought the +0 helmet of Ducraol {Str+2 SInv} for 278 gold
                  | pieces
 67785 | Depths:1 | Found an iron altar of Okawaru.
 67951 | Depths:1 | Found a gateway to Hell.
 68059 | Depths:1 | Reached XP level 24. HP: 169/197 MP: 0/43
 68320 | Depths:1 | You fall into a shaft and drop 1 floor!
 68628 | Depths:2 | Identified the +5 falchion "Goblin's Peril" {venom, Str+2
                  | Stlth+}
 69215 | Depths:1 | Received a gift from Trog
 69328 | Depths:1 | Found a one-way gate to the infinite horrors of the Abyss.
 69485 | Depths:2 | Reached skill level 21 in Shields
 69657 | Depths:2 | Found a white marble altar of Elyvilon.
 71776 | Depths:3 | Noticed Jory
 71786 | Depths:3 | Killed Jory
 71786 | Depths:3 | Received a gift from Trog
 71955 | Depths:3 | Found a radiant altar of Vehumet.
 72544 | Depths:3 | Found a one-way gateway to a ziggurat.
 72695 | Depths:3 | Found a shimmering blue altar of Sif Muna.
 73048 | Depths:4 | Entered Level 4 of the Depths
 73057 | Depths:4 | Noticed a caustic shrike
 73059 | Depths:4 | Noticed a caustic shrike
 73061 | Depths:4 | Noticed a caustic shrike
 73062 | Depths:4 | Noticed a caustic shrike
 73070 | Depths:3 | Killed a caustic shrike
 73106 | Depths:3 | Killed a caustic shrike
 73111 | Depths:3 | Killed a caustic shrike
 73124 | Depths:3 | Killed a caustic shrike
 73572 | Depths:4 | Identified the +7 morningstar of Itogeum {antimagic, rN+++
                  | Int-2 Dex+3 Stlth+}
 74279 | Depths:4 | Reached XP level 25. HP: 204/204 MP: 43/44
 74584 | Depths:4 | Found a runed translucent door.
 74590 | Depths:4 | Found a runed translucent door.
 74642 | Depths:4 | Found a runed translucent door.
 74649 | Depths:4 | Found a runed translucent door.
 74726 | Depths:4 | Found a runed translucent door.
 74733 | Depths:4 | Found a runed translucent door.
 74747 | Depths:4 | Found a gate to the Realm of Zot.
 75595 | Vaults:2 | Bought a scroll of enchant armour for 285 gold pieces
 75596 | Vaults:2 | Bought a slimy sling for 247 gold pieces
 75596 | Vaults:2 | Identified the +4 sling of the Fray {antimagic, Int+4} (You
                  | bought it in a shop on level 2 of the Vaults)
 75894 | Depths:1 | Bought a scroll of fog for 60 gold pieces
 76137 | Vaults:5 | Entered Level 5 of the Vaults
 76239 | Vaults:5 | Reached skill level 22 in Shields
 76245 | Vaults:5 | HP: 41/205 [quicksilver dragon/bolt of dispelling energy
                  | (7)]
 76581 | Vaults:5 | Received a gift from Trog
 76984 | Vaults:5 | Identified the ring "Axzoariq" {Ice rCorr Slay+2}
 77190 | Vaults:5 | Reached skill level 15 in Conjurations
 77190 | Vaults:5 | Reached skill level 15 in Hexes
 77190 | Vaults:5 | Reached skill level 15 in Summonings
 77190 | Vaults:5 | Reached skill level 15 in Necromancy
 77190 | Vaults:5 | Reached skill level 15 in Translocations
 77190 | Vaults:5 | Reached skill level 15 in Transmutations
 77190 | Vaults:5 | Reached skill level 15 in Fire Magic
 77190 | Vaults:5 | Reached skill level 15 in Ice Magic
 77190 | Vaults:5 | Reached skill level 15 in Air Magic
 77190 | Vaults:5 | Reached skill level 15 in Earth Magic
 77190 | Vaults:5 | Reached skill level 15 in Poison Magic
 77198 | Vaults:5 | Noticed a dread lich
 77203 | Vaults:5 | Paralysed by a dread lich for 5 turns
 77214 | Vaults:5 | Killed a dread lich
 77379 | Vaults:5 | Identified the +1 quarterstaff "Beastslayer" {freeze, rC+
                  | rN+}
 77637 | Vaults:5 | Got Nimaok's Verses on the Rocks and Malisons
 78071 | Vaults:5 | Received a gift from Trog
 78456 | Vaults:5 | Identified the +1 falchion "Athrunum" {drain, rCorr}
 78456 | Vaults:5 | Identified the ring "Inloaf" {rPois rC+ rCorr SInv}
 78638 | Vaults:5 | Reached XP level 26. HP: 213/213 MP: 13/44
 78638 | Vaults:5 | Identified the ring of Voemp {Fly Str+2 Slay+2}
 78909 | Vaults:5 | Found Mafipras's Distillery.
 79001 | Vaults:5 | Bought a potion of heal wounds for 110 gold pieces
 79001 | Vaults:5 | Bought a potion of heal wounds for 110 gold pieces
 79001 | Vaults:5 | Bought a potion of curing for 66 gold pieces
 79001 | Vaults:5 | Bought a potion of curing for 66 gold pieces
 79001 | Vaults:5 | Bought a potion of might for 88 gold pieces
 79264 | Vaults:5 | Identified the +0 pair of boots of Untruth {rElec}
 79816 | Vaults:5 | Got a silver rune of Zot
 80502 | Slime:1  | Entered Level 1 of the Pits of Slime
 80838 | Slime:2  | Received a gift from Trog
 81184 | Slime:5  | Entered Level 5 of the Pits of Slime
 81201 | Slime:5  | Noticed Dissolution
 81218 | Slime:5  | Noticed the Royal Jelly
 81220 | Slime:5  | Killed Dissolution
 81221 | Slime:5  | Reached skill level 23 in Shields
 81222 | Slime:5  | Found a viscous altar of Jiyva.
 81237 | Slime:5  | Killed the Royal Jelly
 81712 | Slime:5  | Identified the +6 dagger of Patezea {venom, rElec rPois
                  | Str+3 Dex+2}
 81760 | Slime:5  | Identified the +8 ice dragon scales of Zaph {Contam rF-
                  | rC++ rN+ Slay+3}
 81769 | Slime:5  | Identified the +1 kite shield of the Other Side {rC- Will++
                  | Str+5}
 81775 | Slime:5  | Got a slimy rune of Zot
 81806 | Slime:5  | Identified the +1 ice dragon scales of the Boiling Point
                  | {rF- rC++ rN+}
 81816 | Slime:5  | Identified the ring "Ebenue Fifi" {rF+ Str+3 Int+4 Dex+3
                  | SInv}
 81821 | Slime:5  | Got the Tome of the Unholy Pyromaniac
 83262 | Zot:1    | Entered Level 1 of the Realm of Zot
 84819 | Zot:4    | Noticed Parghit
 84836 | Zot:4    | Killed Parghit
 84859 | Zot:4    | Noticed a Killer Klown
 84876 | Zot:4    | Killed a Killer Klown
 85274 | Zot:4    | Noticed Vv
 85297 | Zot:4    | Killed Vv
 85516 | Zot:4    | Reached XP level 27. HP: 221/222 MP: 0/45
 86516 | Zot:5    | Entered Level 5 of the Realm of Zot
 86696 | Zot:3    | Received a gift from Trog
 88710 | Zot:1    | Reached skill level 24 in Shields
 89909 | Zot:1    | Identified the +5 broad axe of Fossool {flame, Dex+3
                  | Stlth+} (Trog gifted it to you on level 1 of the Realm of
                  | Zot)
 89909 | Zot:1    | Received a gift from Trog
 90668 | Zot:5    | Found a transporter.
 90674 | Zot:5    | Found a transporter.
 90681 | Zot:5    | Found a transporter.
 90684 | Zot:5    | Found a transporter.
 91034 | Zot:5    | Found a transporter.
 91038 | Zot:5    | Found a transporter.
 91597 | Zot:5    | Noticed an ancient lich
 91618 | Zot:5    | Killed an ancient lich
 91683 | Zot:5    | Noticed a dread lich
 91700 | Zot:5    | Paralysed by a dread lich for 3 turns
 91707 | Zot:5    | Killed a dread lich
 91872 | Zot:5    | Noticed an ancient lich
 91883 | Zot:5    | Killed an ancient lich
 92972 | Zot:5    | Noticed an orb of fire
 92974 | Zot:5    | Gained mutation: You are clumsy. (Dex -2) [an orb of fire]
 92979 | Zot:5    | Killed an orb of fire
 92992 | Zot:5    | Noticed an orb of fire
 93009 | Zot:5    | Killed an orb of fire
 93122 | Zot:5    | Noticed an orb of fire
 93135 | Zot:5    | Gained mutation: You are very clumsy. (Dex -4) [an orb of
                  | fire]
 93149 | Zot:5    | Killed an orb of fire
 93209 | Zot:5    | Noticed an ancient lich
 93219 | Zot:5    | Killed an ancient lich
 94387 | Zot:5    | Got the Orb of Zot
 94805 | D:7      | Received a gift from Trog
 94932 | D:$      | Escaped with the Orb!

Illustrated notes

Levels and vault maps discovered:
D:1:      minmay_arrival_shattered_statue, layout_basic,
          ebering_ecumenical_altar_petrified, kennysheep_minor_cross,
          st_stairs_5
D:2:      layout_loops_ring, hangedman_feature_mirror, uniq_robin
D:3:      cheibrodos_old_hovel, layout_rooms, nicolae_tso_besieged_by_evil,
          uniq_terence
D:4:      layout_cave_pools, fedhas_altar_2, uniq_grinder
D:5:      layout_gridville, mainiacjoe_overflow_six_doors_small, minitemple,
          cheibrodos_gnoll_hut
D:6:      layout_gridville, mainiacjoe_overflow_alcove_1,
          kennysheep_generic_room_8, uniq_sigmund
D:7:      layout_basic, mainiacjoe_overflow_surrounded_room,
          yredelemnul_altar_generic, minmay_temple_entry_tees,
          uniq_crazy_yiuf_cottage
D:8:      layout_loops_ring, mainiacjoe_overflow_brackets, enter_bailey_4,
          uniq_erica
D:9:      layout_roguey, trog_book
D:10:     layout_basic, grunt_temple_overflow_opulence,
          due_lair_maze_entry_diamond, uniq_grum
D:11:     layout_roguey, erik_orc_1, minmay_splitting_lines
D:12:     minmay_chambers_of_sixes, layout_basic, serial_ice, serial_ice_o,
          serial_ice_m, serial_ice_g, serial_ice_f, serial_ice_i,
          portal_ice_cave_entry_pillars_1, kennysheep_generic_room_10
D:13:     layout_layer_cave, david_vaults_1, minmay_beelzebubs_servants,
          uniq_kirke
D:14:     layout_loops_ring, serial_park_square1 [serial_park_minivault_5x5_6],
          uniq_nessos
D:15:     hangedman_depths_entry_try_elsewhere_first, layout_loops_cross,
          serial_shops, nicolae_shop_gaudy_bauble,
          nicolae_shop_industrial_runoff, uniq_roxanne
Lair:1:   layout_gridlike, beast_lair_carwin_8
Lair:2:   beast_lair_carwin_large_3, layout_gridlike,
          minmay_snake_entry_guardpost_small, gauntlet_entry_generic,
          lemuel_fruit_fields
Lair:3:   layout_cave_pods, nicolae_swamp_entry_splash_gauntlet,
          nicolae_volcano_entry_lava_flow, lemuel_fruit_tree
Lair:4:   layout_regular_city, grunt_megastairs_1
Lair:5:   due_jungle_book, layout_gridlike, minmay_slime_entry_pillars,
          chequers_serial_rivers_small_3, st_stairs_4, serial_bayou_lake_a
Swamp:1:  layout_basic_swamp, hangedman_swamp_diagram, swamp_pool5
Swamp:2:  layout_basic_swamp, hangedman_swamp_lotus
Swamp:3:  layout_basic_swamp, lemuel_altar_in_water2
Swamp:4:  grunt_swamp_rune_castle, layout_basic_swamp
Snake:1:  layout_gridlike
Snake:2:  layout_rooms
Snake:3:  layout_cave_pods, ebering_ghost_rock_garden, basic_altar,
          serial_shops, nicolae_shop_scrapyard, nicolae_shop_getting_attention,
          nicolae_shop_hallway_plus, grunt_ministairs_1, serial_bayou_shore_b,
          minmay_shop_star
Snake:4:  snake_pit, layout_basic, serial_shops, nicolae_shop_waterfront
Slime:1:  layout_caves, basic_altar, nicolae_slime_phagocytosis
Slime:2:  layout_caves, cheibrodos_slime_lost_civilization_5
Slime:3:  layout_caves
Slime:4:  cheibrodos_slime_lost_civilization_9, layout_caves,
          nicolae_slime_getting_an_eyeful
Slime:5:  uniq_dissolution
Orc:1:    layout_caves
Orc:2:    pf_orc_diabolical, layout_diamond_mine, serial_shops,
          nicolae_shop_tiny_waterfront
Elf:1:    nicolae_elf_arrival_fired_up, layout_loops_ring, serial_shops,
          nicolae_take_the_stairs, nicolae_shop_real_fake_doors,
          nicolae_shop_pleasant_corner_grove,
          nicolae_shop_pleasant_corner_grove, nicolae_shop_hallway_plus,
          minmay_elf_necromancy
Elf:2:    nicolae_elf_blades_crystal_corner, layout_geoelf_octagon
Elf:3:    minmay_elf_hall_not_hex, layout_gridlike, serial_shops,
          nicolae_shop_bloodbath_and_beyond,
          hangedman_elven_crosses_minicolossus, uniq_louise
Vaults:1: nicolae_vaults_network_quincunx
          [nicolae_vaults_network_quincunx_subvault,
          nicolae_vaults_network_quincunx_subvault,
          nicolae_vaults_network_quincunx_subvault,
          nicolae_vaults_network_quincunx_subvault,
          nicolae_vaults_network_quincunx_subvault], st_smaller_cells,
          hangedman_vaults_restitches, nicolae_vaults_frosty_reception,
          nicolae_vaults_diamond_1, nicolae_vaults_weapon_check, v_misc_3,
          layout_vaults_omnigrid, uniq_saint_roka
Vaults:2: nicolae_vaults_circle_grid_a, nicolae_vaults_more_shelving_1,
          nicolae_vaults_stairing_the_circle,
          nicolae_vaults_windows_and_doors_thing, grunt_vaults_trifunnel,
          minmay_crypt_entry_simple_box, vaults_dpeg_encased_lava,
          nicolae_vaults_house_1, nicolae_vaults_sightless_eye,
          layout_vaults_chaotic_city, serial_shops, shop, nicolae_square_shop,
          nicolae_square_shop
Vaults:3: v_rooms_5, nicolae_vaults_puzzle_piece,
          vaults_room_grunt_arrival_ludios,
          vaults_standard_mumra_enter_the_diamond,
          nicolae_vaults_trapezoid_layered, nicolae_vaults_tetromino_Z_1,
          nicolae_vaults_theta, v_misc_1, ontoclasm_vaults_spin, v_misc_8,
          nicolae_vaults_murderbox, nicolae_vaults_little_squares_6,
          nicolae_vaults_asterisk, ontoclasm_vaults_fault,
          layout_vaults_omnibox, serial_shops, shop, uniq_boris, uniq_aizul,
          uniq_mara
Vaults:4: nicolae_vaults_little_squares_4, nicolae_vaults_mitosis,
          hangedman_vaults_snaps, vaults_room_fancy_cross,
          nicolae_vaults_variable_pillar_hall_cross, nicolae_vaults_prndl,
          ontoclasm_vaults_claustrophobia, dpeg_vaults_hating_casters,
          hangedman_vaults_river_flow, vaults_mumra_chevron,
          hangedman_vaults_nails, vaults_room_door_ring,
          dpeg_vaults_monster_row, nicolae_vaults_sealed_display,
          layout_vaults_ring
Vaults:5
Crypt:1:  layout_misc_corridors, roderic_lattice_octagonal_star,
          grunt_crypt_arrival_guarded_gate
Crypt:2:  layout_misc_corridors, uniq_grunn, uniq_josephina
Crypt:3:  church_of_pain_bobbens, layout_chaotic_city,
          tomb_entry_forgotten_bobbens, uniq_zenata, uniq_margery, uniq_mennas
Depths:1: layout_gridlike, minmay_room_of_horrors, hell_entry,
          okawaru_gym_becter, minmay_misc_feat_cross,
          nemelex_spade_bored_becter, serial_bayou_shore_a, minmay_shoptagon
Depths:2: minmay_distorted_concentric_squares, layout_cave_shapes,
          grunt_pan_entry_zigzag, hellmouth_3, nicolae_elyvilon_peaceful_grove
Depths:3: minmay_crystal_thing, layout_honeycomb, ziggurat_fallback, hell_entry,
          abyss_entry_glasseish, nicolae_vehumet_altar_sigil, uniq_jory
Depths:4: evilmike_zot_entry_castle, layout_gridlike, hangedman_decor_lopped,
          hangedman_coc_ice_floe
Zot:1:    layout_basic, skrybe_zot_glass_2
Zot:2:    lemuel_draconian_sentries, layout_onion_interference,
          bh_zot_ikea_curve
Zot:3:    layout_gridlike, st_stairs_4
Zot:4:    kennysheep_blocky_room, layout_twisted_circle, grunt_megastairs_2,
          uniq_vv, uniq_parghit
Zot:5:    layout_cellular_growth, serial_nicolae_subway,
          nicolae_sub_station_metal, nicolae_sub_station_crystal,
          nicolae_sub_station_stone

Skill      XL: |  1  2  3  4  5  6  7  8  9 10 11 12 13 14 15 16 17 18 19 20 21 22 23 24 25 26 27 |
---------------+----------------------------------------------------------------------------------+-----
Invocations    | 1 2 3 4 5 6 7 8 10 11 12 13 14 15 16 17 18 19 20 21 | 21.2
Short Blades   | 1 2 3 5 6 7 8 9 10 11 12 13 14 15 16 17 18 19 | 19.6
Long Blades    | 1 2 3 5 6 7 8 9 10 11 12 13 14 15 16 17 18 19 | 19.6
Maces & Flails | 1 2 3 5 6 7 8 9 10 11 12 13 14 15 16 17 18 19 | 19.6
Polearms       | 1 2 3 5 6 7 8 9 10 11 12 13 14 15 16 17 18 19 | 19.6
Staves         | 1 2 3 5 6 7 8 9 10 11 12 13 14 15 16 17 18 19 | 19.6
Ranged Weapons | 1 2 3 5 6 7 8 9 10 11 12 13 14 15 16 17 18 19 | 19.6
Throwing       | 1 2 3 5 6 7 8 9 10 11 12 13 14 15 16 17 18 19 | 19.6
Stealth        | 1 2 3 5 6 7 8 9 10 11 12 13 14 15 16 17 18 19 | 19.6
Shields        | 1 2 3 5 6 7 8 9 10 11 12 14 15 16 17 18 19 20 21 22 23 24 | 24.9
Unarmed Combat | 1 2 3 5 6 7 8 9 10 11 12 13 14 15 16 17 18 19 | 19.6
Spellcasting   | 1 2 3 5 6 7 8 9 10 11 12 13 14 15 16 17 18 19 | 19.6
Evocations     | 1 2 3 5 6 7 8 9 10 11 12 13 14 15 16 17 18 19 | 19.6
Conjurations   | 1 2 3 4 5 6 7 8 9 10 11 12 13 14 15 16 | 16.8
Hexes          | 1 2 3 4 5 6 7 8 9 10 11 12 13 14 15 16 | 16.8
Summonings     | 1 2 3 4 5 6 7 8 9 10 11 12 13 14 15 16 | 16.8
Necromancy     | 1 2 3 4 5 6 7 8 9 10 11 12 13 14 15 16 | 16.8
Translocations | 1 2 3 4 5 6 7 8 9 10 11 12 13 14 15 16 | 16.8
Transmutations | 1 2 3 4 5 6 7 8 9 10 11 12 13 14 15 16 | 16.8
Fire Magic     | 1 2 3 4 5 6 7 8 9 10 11 12 13 14 15 16 | 16.8
Ice Magic      | 1 2 3 4 5 6 7 8 9 10 11 12 13 14 15 16 | 16.8
Air Magic      | 1 2 3 4 5 6 7 8 9 10 11 12 13 14 15 16 | 16.8
Earth Magic    | 1 2 3 4 5 6 7 8 9 10 11 12 13 14 15 16 | 16.8
Poison Magic   | 1 2 3 4 5 6 7 8 9 10 11 12 13 14 15 16 | 16.8
Armour         | 5 6 7 8 9 10 11 12 13 14 15 16 17 18 19 20 | 20.1
Dodging        | 5 6 7 8 9 10 11 12 13 14 15 16 17 18 19 20 | 20.1
Fighting       | 7 8 9 10 11 12 13 14 15 16 17 18 19 20 | 20.5
Axes           | 7 8 9 10 11 12 13 14 15 16 17 18 19 20 | 20.5

Action                     |  1- 3 |  4- 6 |  7- 9 | 10-12 | 13-15 | 16-18 | 19-21 | 22-24 | 25-27 || total
---------------------------+-------+-------+-------+-------+-------+-------+-------+-------+-------++-------
  Melee: Hand axe          |    72 |    69 |       |       |       |       |       |       |       ||   141
         Bite              |     5 |    10 |    33 |    78 |   326 |   186 |   147 |   263 |   381 ||  1429
         Mace              |       |   103 |   319 |   303 |       |       |       |       |       ||   725
         Falchion          |       |       |     5 |    95 |  1521 |       |       |       |       ||  1621
         Scimitar          |       |       |       |    39 |    28 |    56 |     7 |       |       ||   130
         Dagger            |       |       |       |       |   211 |       |       |       |       ||   211
         Broad axe         |       |       |       |       |    30 |  1077 |  1077 |  1404 |  1880 ||  5468
         Unarmed           |       |       |       |       |       |     1 |       |       |       ||     1
         Long sword        |       |       |       |       |       |       |    10 |       |       ||    10
   Fire: Hand crossbow     |       |       |       |       |     4 |       |    16 |       |       ||    20
  Throw: Stone             |    49 |    25 |    12 |    15 |   109 |    76 |   139 |    74 |    60 ||   559
         Boomerang         |       |    41 |    68 |    83 |   241 |   311 |   163 |    31 |   180 ||  1118
         Dart              |       |     3 |    68 |    61 |   125 |   109 |   193 |   103 |   184 ||   846
         Throwing net      |       |     1 |       |       |     2 |       |       |     2 |       ||     5
         Javelin           |       |       |       |       |    12 |     4 |    33 |    82 |   124 ||   255
 Invoke: Berserk           |       |     1 |       |       |     1 |       |       |       |       ||     2
         Brothers in Arms  |       |       |       |     6 |     6 |       |     2 |     4 |     3 ||    21
         Trog's Hand       |       |       |       |     2 |     3 |     4 |    11 |     4 |     7 ||    31
  Evoke: Wand              |       |       |     6 |    34 |    30 |    48 |    60 |    86 |    55 ||   319
         Condenser vane    |       |       |       |     2 |     4 |     3 |     3 |     3 |     4 ||    19
         Lightning rod     |       |       |       |       |     4 |     7 |    14 |    10 |    10 ||    45
         Phantom mirror    |       |       |       |       |       |       |       |     2 |     2 ||     4
         Box of beasts     |       |       |       |       |       |       |       |     1 |     1 ||     2
    Use: Scroll            |       |       |    14 |     5 |    19 |     6 |     6 |    11 |    18 ||    79
         Potion            |       |       |     1 |     3 |     4 |    12 |       |     2 |    11 ||    33
   Stab: Invisible         |       |       |     1 |       |     1 |       |     3 |    14 |    34 ||    53
         Confused          |       |       |       |       |     1 |       |       |       |     1 ||     2
         Held in net/web   |       |       |       |       |     1 |       |       |       |       ||     1
         Sleeping          |       |       |       |       |       |     3 |     4 |     7 |       ||    14
         Distracted        |       |       |       |       |       |     1 |     2 |     9 |     5 ||    17
 Armour: Animal skin       |     1 |       |       |       |       |       |       |       |       ||     1
         Scale mail        |    24 |    54 |    43 |       |       |       |       |       |       ||   121
         Plate armour      |       |       |    84 |    16 |       |       |       |       |       ||   100
         Chain mail        |       |       |       |   245 |   478 |   403 |   240 |   237 |    22 ||  1625
         Skin              |       |       |       |       |     4 |       |       |       |       ||     4
         Gold dragon scale |       |       |       |       |       |       |       |       |   360 ||   360
  Dodge: Dodged            |    47 |   164 |   202 |   206 |   709 |   565 |   279 |   322 |   428 ||  2922
  Block: Kite shield       |    20 |    79 |   172 |   142 |       |       |       |       |       ||   413
         Tower shield      |       |       |       |   195 |  1385 |  1441 |  1140 |  1503 |  1729 ||  7393
         Reflection        |       |       |       |       |       |       |    81 |    52 |    55 ||   188

Table legend: (Time is in decaauts)
 A = Elapsed time spent in this place.
 B = Non-inter-level travel time spent in this place.
 C = Inter-level travel time spent in this place.
 D = Time resting spent in this place.
 E = Time spent auto-exploring this place.
 F = Levels seen in this place.
 G = Mean time per level.
                   A        B        C        D        E       F      G
               +--------+--------+--------+--------+--------+-----+--------+
         Total |  93986 |  82667 |  11319 |  20689 |  42437 |  60 | 1566.4 |
       Dungeon |  18961 |  15603 |   3358 |   1428 |  10155 |  15 | 1264.1 |
          Lair |   9857 |   8457 |   1400 |   2259 |   4471 |   5 | 1971.4 |
         Swamp |   5204 |   4997 |    207 |   2196 |   1796 |   4 | 1301.0 |
     Snake Pit |   6733 |   5999 |    734 |   2349 |   2339 |   4 | 1683.2 |
    Slime Pits |   1537 |   1278 |    259 |    669 |     28 |   5 |  307.4 |
  Orcish Mines |   3150 |   2835 |    315 |   1054 |   1000 |   2 | 1575.0 |
   Elven Halls |   5139 |   4610 |    529 |    988 |   2265 |   3 | 1713.0 |
        Vaults |  14269 |  12493 |   1776 |   2548 |   7420 |   5 | 2853.8 |
         Crypt |   6754 |   6214 |    540 |    914 |   4224 |   3 | 2251.3 |
        Depths |   8636 |   7464 |   1172 |   1248 |   4784 |   4 | 2159.0 |
           Zot |  10264 |   9240 |   1024 |   3699 |   3576 |   5 | 2052.8 |
         Abyss |    113 |    113 |      0 |      0 |     30 |   1 |  113.0 |
        Bailey |    473 |    473 |      0 |     96 |     96 |   1 |  473.0 |
      Ice Cave |   1197 |   1197 |      0 |    565 |     67 |   1 | 1197.0 |
       Volcano |    691 |    691 |      0 |    264 |     32 |   1 |  691.0 |
      Gauntlet |   1001 |   1001 |      0 |    407 |    153 |   1 | 1001.0 |
               +--------+--------+--------+--------+--------+-----+--------+

Top non-repeatable levels by time:
Vaults:5: 3904 daAuts
  Lair:5: 3767 daAuts
 Crypt:3: 3185 daAuts
   Zot:5: 3055 daAuts
Vaults:2: 2994 daAuts
Vaults:1: 2974 daAuts
   Orc:2: 2495 daAuts
    D:13: 2465 daAuts
Vaults:4: 2432 daAuts
Depths:4: 2416 daAuts
 Swamp:3: 2223 daAuts
   Elf:3: 2214 daAuts
 Snake:4: 2190 daAuts
Depths:2: 2101 daAuts
Depths:1: 2091 daAuts

Table legend:
 A = Kills in this place as a percentage of kills in the entire game.
 B = Kills by you in this place as a percentage of kills by you in the entire game.
 C = Kills by friends in this place as a percentage of kills by friends in the entire game.
 D = Other kills in this place as a percentage of other kills in the entire game.
 E = Experience gained in this place as a percentage of experience gained in the entire game.
 F = Experience gained in this place divided by the number of levels of this place that you have seen.
                   A       B       C       D       E      F
               +-------+-------+-------+-------+-------+----------------------
         Total | 100.0 | 100.0 | 100.0 | 100.0 | 100.0 | 25236.2
       Dungeon |  19.5 |  19.2 |  27.6 |  18.8 |   5.6 | 5626.7
          Lair |   6.9 |   6.5 |  18.4 |   0.0 |   3.6 | 10773.2
         Swamp |   5.3 |   5.2 |   2.3 |  31.2 |   5.0 | 18989.2
     Snake Pit |   7.2 |   7.5 |   0.0 |   0.0 |   6.1 | 23235.5
    Slime Pits |   3.3 |   3.5 |   0.0 |   0.0 |   4.3 | 13020.4
  Orcish Mines |   3.8 |   3.9 |   2.3 |   0.0 |   1.3 | 9488.5
   Elven Halls |   6.4 |   6.5 |   1.1 |  12.5 |   7.7 | 39035.7
        Vaults |  16.7 |  17.1 |   9.2 |  12.5 |  22.1 | 66917.2
         Crypt |   8.5 |   8.6 |   5.7 |   6.2 |  10.1 | 51071.3
        Depths |   8.6 |   8.8 |   2.3 |   6.2 |  12.3 | 46509.5
           Zot |   9.3 |   9.3 |   9.2 |  12.5 |  20.2 | 61293.8
         Abyss |   0.2 |   0.3 |   0.0 |   0.0 |   0.1 | 1199.0
        Bailey |   0.8 |   0.9 |   0.0 |   0.0 |   0.1 | 1203.0
      Ice Cave |   2.0 |   1.3 |  21.8 |   0.0 |   0.6 | 9533.0
       Volcano |   0.8 |   0.8 |   0.0 |   0.0 |   0.7 | 10084.0
      Gauntlet |   0.6 |   0.7 |   0.0 |   0.0 |   0.2 | 3495.0
               +-------+-------+-------+-------+-------+----------------------

Levels and vault maps discovered:
D:1:      minmay_arrival_shattered_statue, layout_basic,
          ebering_ecumenical_altar_petrified, kennysheep_minor_cross,
          st_stairs_5
D:2:      layout_loops_ring, hangedman_feature_mirror, uniq_robin
D:3:      cheibrodos_old_hovel, layout_rooms, nicolae_tso_besieged_by_evil,
          uniq_terence
D:4:      layout_cave_pools, fedhas_altar_2, uniq_grinder
D:5:      layout_gridville, mainiacjoe_overflow_six_doors_small, minitemple,
          cheibrodos_gnoll_hut
D:6:      layout_gridville, mainiacjoe_overflow_alcove_1,
          kennysheep_generic_room_8, uniq_sigmund
D:7:      layout_basic, mainiacjoe_overflow_surrounded_room,
          yredelemnul_altar_generic, minmay_temple_entry_tees,
          uniq_crazy_yiuf_cottage
D:8:      layout_loops_ring, mainiacjoe_overflow_brackets, enter_bailey_4,
          uniq_erica
D:9:      layout_roguey, trog_book
D:10:     layout_basic, grunt_temple_overflow_opulence,
          due_lair_maze_entry_diamond, uniq_grum
D:11:     layout_roguey, erik_orc_1, minmay_splitting_lines
D:12:     minmay_chambers_of_sixes, layout_basic, serial_ice, serial_ice_o,
          serial_ice_m, serial_ice_g, serial_ice_f, serial_ice_i,
          portal_ice_cave_entry_pillars_1, kennysheep_generic_room_10
D:13:     layout_layer_cave, david_vaults_1, minmay_beelzebubs_servants,
          uniq_kirke
D:14:     layout_loops_ring, serial_park_square1 [serial_park_minivault_5x5_6],
          uniq_nessos
D:15:     hangedman_depths_entry_try_elsewhere_first, layout_loops_cross,
          serial_shops, nicolae_shop_gaudy_bauble,
          nicolae_shop_industrial_runoff, uniq_roxanne
Lair:1:   layout_gridlike, beast_lair_carwin_8
Lair:2:   beast_lair_carwin_large_3, layout_gridlike,
          minmay_snake_entry_guardpost_small, gauntlet_entry_generic,
          lemuel_fruit_fields
Lair:3:   layout_cave_pods, nicolae_swamp_entry_splash_gauntlet,
          nicolae_volcano_entry_lava_flow, lemuel_fruit_tree
Lair:4:   layout_regular_city, grunt_megastairs_1
Lair:5:   due_jungle_book, layout_gridlike, minmay_slime_entry_pillars,
          chequers_serial_rivers_small_3, st_stairs_4, serial_bayou_lake_a
Swamp:1:  layout_basic_swamp, hangedman_swamp_diagram, swamp_pool5
Swamp:2:  layout_basic_swamp, hangedman_swamp_lotus
Swamp:3:  layout_basic_swamp, lemuel_altar_in_water2
Swamp:4:  grunt_swamp_rune_castle, layout_basic_swamp
Snake:1:  layout_gridlike
Snake:2:  layout_rooms
Snake:3:  layout_cave_pods, ebering_ghost_rock_garden, basic_altar,
          serial_shops, nicolae_shop_scrapyard, nicolae_shop_getting_attention,
          nicolae_shop_hallway_plus, grunt_ministairs_1, serial_bayou_shore_b,
          minmay_shop_star
Snake:4:  snake_pit, layout_basic, serial_shops, nicolae_shop_waterfront
Slime:1:  layout_caves, basic_altar, nicolae_slime_phagocytosis
Slime:2:  layout_caves, cheibrodos_slime_lost_civilization_5
Slime:3:  layout_caves
Slime:4:  cheibrodos_slime_lost_civilization_9, layout_caves,
          nicolae_slime_getting_an_eyeful
Slime:5:  uniq_dissolution
Orc:1:    layout_caves
Orc:2:    pf_orc_diabolical, layout_diamond_mine, serial_shops,
          nicolae_shop_tiny_waterfront
Elf:1:    nicolae_elf_arrival_fired_up, layout_loops_ring, serial_shops,
          nicolae_take_the_stairs, nicolae_shop_real_fake_doors,
          nicolae_shop_pleasant_corner_grove,
          nicolae_shop_pleasant_corner_grove, nicolae_shop_hallway_plus,
          minmay_elf_necromancy
Elf:2:    nicolae_elf_blades_crystal_corner, layout_geoelf_octagon
Elf:3:    minmay_elf_hall_not_hex, layout_gridlike, serial_shops,
          nicolae_shop_bloodbath_and_beyond,
          hangedman_elven_crosses_minicolossus, uniq_louise
Vaults:1: nicolae_vaults_network_quincunx
          [nicolae_vaults_network_quincunx_subvault,
          nicolae_vaults_network_quincunx_subvault,
          nicolae_vaults_network_quincunx_subvault,
          nicolae_vaults_network_quincunx_subvault,
          nicolae_vaults_network_quincunx_subvault], st_smaller_cells,
          hangedman_vaults_restitches, nicolae_vaults_frosty_reception,
          nicolae_vaults_diamond_1, nicolae_vaults_weapon_check, v_misc_3,
          layout_vaults_omnigrid, uniq_saint_roka
Vaults:2: nicolae_vaults_circle_grid_a, nicolae_vaults_more_shelving_1,
          nicolae_vaults_stairing_the_circle,
          nicolae_vaults_windows_and_doors_thing, grunt_vaults_trifunnel,
          minmay_crypt_entry_simple_box, vaults_dpeg_encased_lava,
          nicolae_vaults_house_1, nicolae_vaults_sightless_eye,
          layout_vaults_chaotic_city, serial_shops, shop, nicolae_square_shop,
          nicolae_square_shop
Vaults:3: v_rooms_5, nicolae_vaults_puzzle_piece,
          vaults_room_grunt_arrival_ludios,
          vaults_standard_mumra_enter_the_diamond,
          nicolae_vaults_trapezoid_layered, nicolae_vaults_tetromino_Z_1,
          nicolae_vaults_theta, v_misc_1, ontoclasm_vaults_spin, v_misc_8,
          nicolae_vaults_murderbox, nicolae_vaults_little_squares_6,
          nicolae_vaults_asterisk, ontoclasm_vaults_fault,
          layout_vaults_omnibox, serial_shops, shop, uniq_boris, uniq_aizul,
          uniq_mara
Vaults:4: nicolae_vaults_little_squares_4, nicolae_vaults_mitosis,
          hangedman_vaults_snaps, vaults_room_fancy_cross,
          nicolae_vaults_variable_pillar_hall_cross, nicolae_vaults_prndl,
          ontoclasm_vaults_claustrophobia, dpeg_vaults_hating_casters,
          hangedman_vaults_river_flow, vaults_mumra_chevron,
          hangedman_vaults_nails, vaults_room_door_ring,
          dpeg_vaults_monster_row, nicolae_vaults_sealed_display,
          layout_vaults_ring
Vaults:5
Crypt:1:  layout_misc_corridors, roderic_lattice_octagonal_star,
          grunt_crypt_arrival_guarded_gate
Crypt:2:  layout_misc_corridors, uniq_grunn, uniq_josephina
Crypt:3:  church_of_pain_bobbens, layout_chaotic_city,
          tomb_entry_forgotten_bobbens, uniq_zenata, uniq_margery, uniq_mennas
Depths:1: layout_gridlike, minmay_room_of_horrors, hell_entry,
          okawaru_gym_becter, minmay_misc_feat_cross,
          nemelex_spade_bored_becter, serial_bayou_shore_a, minmay_shoptagon
Depths:2: minmay_distorted_concentric_squares, layout_cave_shapes,
          grunt_pan_entry_zigzag, hellmouth_3, nicolae_elyvilon_peaceful_grove
Depths:3: minmay_crystal_thing, layout_honeycomb, ziggurat_fallback, hell_entry,
          abyss_entry_glasseish, nicolae_vehumet_altar_sigil, uniq_jory
Depths:4: evilmike_zot_entry_castle, layout_gridlike, hangedman_decor_lopped,
          hangedman_coc_ice_floe
Zot:1:    layout_basic, skrybe_zot_glass_2
Zot:2:    lemuel_draconian_sentries, layout_onion_interference,
          bh_zot_ikea_curve
Zot:3:    layout_gridlike, st_stairs_4
Zot:4:    kennysheep_blocky_room, layout_twisted_circle, grunt_megastairs_2,
          uniq_vv, uniq_parghit
Zot:5:    layout_cellular_growth, serial_nicolae_subway,
          nicolae_sub_station_metal, nicolae_sub_station_crystal,
          nicolae_sub_station_stone
